 Dungeon Crawl Stone Soup version 0.29.1-2-gbd0b4ee654 (webtiles) character file.

Game seed: 9403085553765284123

6378 jamestheduck25 the Cleaver (level 10, 0/91 HPs)
             Began as a Minotaur Berserker on Nov 16, 2022.
             Was an Elder of Trog.
             Slain by a kobold brigand
             ... wielding a +0 whip
              (3 damage)
             ... on level 9 of the Dungeon on Nov 17, 2022.
             The game lasted 00:16:26 (12468 turns).

jamestheduck25 the Cleaver (Minotaur Berserker)    Turns: 12468, Time: 00:16:26

Health: 0/91       AC:  8    Str: 31    XL:     10   Next: 65%
Magic:  9/9        EV: 14    Int:  4    God:    Trog [****..]
Gold:   310        SH:  0    Dex: 11    Spells: 9/9 levels left

rFire   . . .      SeeInvis .   x - +2 war axe (chaos)
rCold   . . .      Faith    .   (no shield)
rNeg    . . .      Spirit   .   z - +2 ring mail
rPois   +          Reflect  .   (helmet restricted)
rElec   .          Harm     .   (no cloak)
rCorr   .          Rampage  .   (no gloves)
Will    .....                   (no boots)
Stlth   ++........              (no amulet)
HPRegen 0.25/turn               d - +6 ring of strength
MPRegen 0.11/turn               s - ring of poison resistance

@: on berserk cooldown, slowed, very slow
A: horns 2, retaliatory headbutt
a: Renounce Religion, Berserk, Trog's Hand, Brothers in Arms


You were on level 9 of the Dungeon.
You worshipped Trog.
Trog was greatly pleased with you.
You visited 1 branch of the dungeon, and saw 9 of its levels.

You collected 310 gold pieces.

Inventory:

Hand Weapons
 a - a +0 hand axe
 x - a +2 war axe of chaos (weapon)
 y - a +0 battleaxe
 A - a +0 demon blade
 B - a +2 battleaxe
Missiles
 h - 2 throwing nets (quivered)
Armour
 b - a +1 animal skin
 z - a +2 ring mail (worn)
Jewellery
 d - a +6 ring of strength (left hand)
 s - a ring of poison resistance (right hand)
 C - a ring of magical power
Wands
 l - a wand of mindburst (10)
 q - a wand of charming (10)
 r - a wand of roots (12)
Scrolls
 c - a scroll of vulnerability
 j - a scroll of fog
 k - a scroll of noise {unknown}
 n - 2 scrolls of fear
 t - a scroll of blinking
 u - a scroll of teleportation
 v - a scroll of immolation
 w - a scroll of silence
 D - a scroll of poison {unknown}
 E - a scroll of magic mapping {unknown}
 F - a scroll of identify
Potions
 e - a potion of lignification
 f - a potion of mutation {unknown}
 g - 3 potions of curing
 i - 3 potions of heal wounds
 m - a potion of resistance
 o - 5 potions of attraction
 p - 2 potions of degeneration


   Skills:
 + Level 9.2 Fighting
 + Level 12.3 Axes
 + Level 8.1 Armour
 + Level 7.7 Dodging
 + Level 4.7 Stealth


You had 9 spell levels left.
You didn't know any spells.
Your spell library was empty.

Dungeon Overview and Level Annotations

Branches:
Dungeon (9/15)             Temple (0/1) D:4
   Lair: D:8-11         Orc: D:9-12

Altars:
Ashenzari
Fedhas
Gozag
Makhleb
Nemelex Xobeh
Uskayaw
Wu Jian


Innate Abilities, Weirdness & Mutations

You have a pair of horns on your head.
You reflexively headbutt those who attack you in melee.


Message History

The gnoll sergeant hits you but does no damage.
The orc warrior unwields a +0 arbalest.
The orc warrior wields a +0 long sword.
The orc warrior hits you with a +0 long sword!
* * * LOW HITPOINT WARNING * * *
Things that are here:
a hornet corpse; a yak corpse You barely miss the kobold brigand.
Your headbutt misses the kobold brigand.
You hit the gnoll sergeant but do no damage.
Space warps around the gnoll sergeant.
You hit the orc warrior but do no damage.
The orc warrior easily resists.
The centaur unwields a +0 shortbow.
The centaur hits you.
* * * LOW HITPOINT WARNING * * *
The centaur kicks you but does no damage.
The kobold brigand closely misses you.
The gnoll sergeant hits you with a +0 spear!
* * * LOW HITPOINT WARNING * * *
The orc warrior misses you.
You feel better. The centaur closely misses you. The centaur misses you.
The kobold brigand barely misses you. You furiously retaliate!
You headbutt the kobold brigand! The gnoll sergeant closely misses you.
The centaur hits you.
* * * LOW HITPOINT WARNING * * *
The centaur closely misses you. The orc warrior closely misses you.
You furiously retaliate!
You headbutt the orc warrior. The gnoll sergeant barely misses you.
The kobold brigand hits you but does no damage.
The centaur hits you.
* * * LOW HITPOINT WARNING * * *
The centaur misses you.
You feel better.
The centaur hits you but does no damage.
The centaur barely misses you.
The orc warrior hits you with a +0 long sword!
* * * LOW HITPOINT WARNING * * *
The gnoll sergeant hits you with a +0 spear!
* * * LOW HITPOINT WARNING * * *
The kobold brigand hits you with a +0 whip.
You die...

#.. #.. ...... #.#
#..... #.###
#....#+####...####
#....#.........).###
#....#.####...##...#
#....# ..###.##'c'#
#....# #.#...##@KW#
.....####.#.###go#..#
Z#...#..Z.'##.zl###...#
.#
..#.#####..#..#..#..#
.#####.# #..###./.###..
..Z.[Z.#
#.#..#..#..#..#
########
)###).[###(.$##
#.#..#..#..#..#


You could see a wraith, an orc warrior, a wyvern, a kobold brigand, a gnoll
sergeant, a centaur and a wight.

Vanquished Creatures
  A two-headed ogre (D:9)
  The ghost of Ihaveafatcat the Chopper, an amateur HOFi of Nemelex Xobeh (D:4)
  A troll (D:9)
  2 hornets (D:9)
  Sigmund (D:8)
  A shadow (D:7)
  A wraith (D:9)
  A wyvern (D:5)
  5 yaks (D:9)
  3 steam dragons
  A water moccasin (D:8)
  A black bear (D:6)
  3 ice beasts
  An orc warrior (D:9)
  2 sky beasts
  An ogre (D:5)
  A centaur (D:9)
  A phantom (D:7)
  2 bullfrogs
  A gnoll sergeant (D:9)
  A necrophage (D:6)
  3 scorpions
  7 wights
  7 killer bees
  5 hounds
  3 jellies
  6 orc priests
  5 iguanas
  8 orc wizards
  8 adders
  7 gnolls
  A shadow imp (D:6)
  A white imp (D:5)
  3 worms
  3 dart slugs
  20 orcs
  3 endoplasms
  3 giant cockroaches
  10 goblins
  10 hobgoblins
  2 jackals (D:3)
  8 kobolds
  3 quokkas
  3 ball pythons
  7 bats
  4 frilled lizards
  3 rats (D:1)
175 creatures vanquished.

Vanquished Creatures (collateral kills)
  A tarantella (shapeshifter) (D:9)
1 creature vanquished.

Vanquished Creatures (others)
  A troll zombie (D:9)
  13 plants (D:2)
  2 withered plants (D:4)
16 creatures vanquished.

Grand Total: 192 creatures vanquished

Notes
Turn   | Place    | Note
-------+----------+-------------------------------------------
     0 | D:1      | jamestheduck25 the Minotaur Berserker began the quest for
                  | the Orb.
     0 | D:1      | Reached XP level 1. HP: 19/19 MP: 0/0
   403 | D:1      | Found a faded altar of an unknown god.
   457 | D:1      | Reached XP level 2. HP: 23/27 MP: 1/1
   672 | D:1      | Reached skill level 4 in Axes
  1449 | D:2      | Reached XP level 3. HP: 17/33 MP: 2/2
  2463 | D:3      | Reached ** piety under Trog
  2586 | D:3      | Reached XP level 4. HP: 24/41 MP: 3/3
  2970 | D:3      | Reached skill level 5 in Axes
  3809 | D:4      | Found a runed translucent door.
  3809 | D:4      | Noticed Ihaveafatcat's ghost (amateur HOFi)
  3874 | D:4      | Reached XP level 5. HP: 12/47 MP: 4/4
  4202 | D:4      | Found a staircase to the Ecumenical Temple.
  4398 | D:4      | Reached skill level 1 in Stealth
  5133 | D:4      | Found an ornate altar of the Wu Jian Council.
  5257 | D:4      | Killed Ihaveafatcat's ghost
  5258 | D:4      | Reached skill level 5 in Fighting
  5258 | D:4      | Reached skill level 6 in Axes
  5258 | D:4      | Reached XP level 6. HP: 21/56 MP: 5/5
  5499 | D:5      | Entered Level 5 of the Dungeon
  5526 | D:5      | Reached skill level 7 in Axes
  5526 | D:5      | Reached XP level 7. HP: 32/61 MP: 6/6
  5863 | D:5      | Noticed a wyvern
  5869 | D:5      | Killed a wyvern
  6542 | D:5      | Reached skill level 8 in Axes
  7114 | D:6      | Reached XP level 8. HP: 56/71 MP: 7/7
  7347 | D:6      | Reached skill level 5 in Dodging
  7517 | D:6      | Reached *** piety under Trog
  7684 | D:6      | Reached skill level 9 in Axes
  8614 | D:7      | Reached XP level 9. HP: 60/79 MP: 8/8
  8767 | D:7      | Reached skill level 10 in Axes
  8813 | D:7      | Found a sparkling altar of Nemelex Xobeh.
  8813 | D:7      | Found an opulent altar of Gozag.
  9787 | D:8      | Found a flagged portal.
 10610 | D:8      | Reached skill level 5 in Armour
 10851 | D:8      | Noticed Sigmund
 10856 | D:8      | Killed Sigmund
 10857 | D:8      | Reached skill level 11 in Axes
 11141 | D:8      | Reached **** piety under Trog
 11226 | D:8      | Found a burning altar of Makhleb.
 11226 | D:8      | Noticed a green death
 11356 | D:9      | Noticed a two-headed ogre
 11366 | D:9      | Killed a two-headed ogre
 11367 | D:9      | Reached XP level 10. HP: 40/90 MP: 9/9
 12020 | D:9      | Found a blossoming altar of Fedhas.
 12316 | D:9      | Found a hide-covered altar of Uskayaw.
 12327 | D:9      | Found a broken altar of Ashenzari.
 12383 | D:9      | Noticed a glowing shapeshifter
 12383 | D:9      | a kobold brigand changed into a glowing shapeshifter
 12383 | D:9      | Noticed a lindwurm
 12383 | D:9      | a glowing shapeshifter changed into a lindwurm
 12387 | D:9      | Noticed a deep troll
 12387 | D:9      | a lindwurm changed into a deep troll
 12389 | D:9      | a deep troll changed into a tarantella
 12451 | D:9      | Reached skill level 12 in Axes
 12468 | D:9      | HP: 3/91 [gnoll sergeant/+0 spear (9)]
 12468 | D:9      | Slain by a kobold brigand

Illustrated notes

Levels and vault maps discovered:
D:1:      psy_arrival_spokes, layout_basic, basic_ecumenical_altar
D:2:      layout_basic, reono_crystal_passage, kennysheep_boxes
D:3:      layout_loops_corners, grunt_ministairs_7
D:4:      layout_loops_ring, pdpol_wu_jian_five_deadly_venoms,
          minmay_temple_entry_tees, gammafunk_ghost_grave
D:5:      layout_loops_corners
D:6:      layout_gridville, minmay_fractal_squares_gapless_5
D:7:      layout_layer_cave, grunt_temple_overflow_opulence
D:8:      layout_basic, makhleb_altar_promises_db, serial_curves,
          eino_curves_03, eino_curves_03, eino_curves_03, eino_curves_01,
          enter_bailey_5, sigmund_army
D:9:      layout_basic, lemuel_crystal_altar, nicolae_overflow_hidden_temple,
          fedhas_altar_4, minmay_misc_feat_cross, kennysheep_kite_vault

Skill      XL: |  1  2  3  4  5  6  7  8  9 10 |
---------------+-------------------------------+-----
Axes           | 4 5 6 7 8 9 11 12 | 12.3
Fighting       | 4 5 6 7 8 9 |  9.2
Dodging        | 3 4 5 7 |  7.7
Stealth        | 1 2 4 |  4.7
Armour         | 3 6 8 |  8.1

Action                   |  1- 3 |  4- 6 |  7- 9 | 10-12 || total
-------------------------+-------+-------+-------+-------++-------
Melee: Hand axe          |    93 |    72 |   110 |       ||   275
       Headbutt          |    15 |    15 |    44 |    14 ||    88
       Punch             |     1 |     1 |     2 |     1 ||     5
       War axe           |       |       |   116 |    56 ||   172
Invok: Berserk           |       |     2 |     1 |     3 ||     6
       Trog's Hand       |       |     1 |       |       ||     1
  Use: Scroll            |       |     8 |    12 |       ||    20
       Potion            |       |     3 |       |     3 ||     6
 Stab: Sleeping          |     1 |     2 |     8 |       ||    11
       Paralysed         |       |       |     1 |       ||     1
Armor: Animal skin       |    14 |    12 |    10 |       ||    36
       Ring mail         |       |       |    51 |    25 ||    76
Dodge: Dodged            |    49 |    35 |   135 |    68 ||   287
